High Goats vs Demolitions

Created - 15 janvier 2013 at 19:09

Goals
1 2 3 T
High Goats 1 3 0 4
Demolitions 0 1 1 2
Shots
1 2 3 T
High Goats 10 22 5 37
Demolitions 6 13 6 25

1st period

1. High Goats , Jiri Tlusty 3 (Dana Tyrell, Lukas Krajicek) at 15:06

Penalties :
Nick Bonino (Buc) for Unsportsmanlike conduct (Major / Game Misconduct) at 2:38, Janne Niskala (Vic) for Hooking (Minor) at 11:25, Nicolas Blanchard (Vic) for Roughing (Minor) at 18:24

2nd period

2. High Goats , Joël Perrault 5 (Sami Lepisto) at 1:21
3. Demolitions , Brad Richardson 8 (Marco Sturm, Nikolai Zherdev) at 1:29
4. High Goats , Craig Weller 17 (Brad Larsen, Brandon Bollig) at 15:34
5. High Goats , Craig Weller 18 (Chris Stewart, Sami Lepisto) at 18:18

Penalties :
Lukas Krajicek (Buc) for Holding (Minor) at 3:40, Ryan Craig (Vic) for Roughing (Minor) at 17:32, Lukas Krajicek (Buc) for Elbowing (Minor) at 17:32

3rd period

6. Demolitions , Brad Richardson 9 (Nikolai Zherdev, Marco Sturm) at 10:12

Penalties :
Petr Vrana (Vic) for Holding (Minor) at 0:25, Joël Perrault (Buc) for Holding Stick (Minor) at 10:13, Joël Perrault (Buc) for Interference (Minor) at 16:35

Goalie Stats

Al Montoya (Buc), 23 saves from 25 shots - (0,920), W, 2-4-0, 60:00 minutes
Antero Niittymaki (Vic), 33 saves from 37 shots - (0,892), L, 5-6-2, 60:00 minutes

Players Stats for High Goats

Player Name              G  A  P  +/- PIM S  H  SB GA TA FO     MP     PP MP  PK MP  
------------------------------------------------------------------------------------
Anton Stralman           0  0  0  -1  0   1  2  1  0  2  0/0    21:39   2:17   5:38 
Arturs Kulda             0  0  0   2  0   0  1  0  0  1  0/0    12:19   0:00   0:00 
Brad Larsen              0  1  1   1  0   4  1  0  1  0  0/1    19:02   3:10   4:36 
Brandon Bollig           0  1  1   1  0   0  3  0  0  0  0/0    11:58   0:00   2:16 
Brendon Segal            0  0  0   0  0   1  0  0  1  0  1/1    10:52   1:09   0:00 
Chris Stewart            0  1  1   1  0   4  0  0  1  0  4/11   24:07   3:17   5:26 
Craig Weller             2  0  2   2  0   6  3  1  0  0  0/1    20:21   2:31   5:21 
Dana Tyrell              0  1  1   0  0   0  1  0  0  0  2/3     8:34   0:03   0:29 
Jason Ryznar             0  0  0   0  0   0  0  1  0  1  5/7    16:30   1:51   0:09 
Jiri Tlusty              1  0  1   0  0   2  1  0  0  0  0/0     7:14   0:00   0:00 
Joël Perrault            1  0  1   0  4   5  1  0  1  0  17/31  19:16   3:13   0:21 
Lukas Krajicek           0  1  1   1  4   3  0  2  1  0  0/0    25:54   3:40   4:43 
Mason Raymond            0  0  0   0  0   4  3  1  2  0  1/2    20:32   2:31   3:14 
Matt Taormina            0  0  0  -1  0   1  0  0  0  1  0/0    20:49   2:17   4:49 
Nick Bonino              0  0  0   0  15  0  1  0  0  0  0/0     0:46   0:00   0:00 
Petteri Wirtanen         0  0  0   0  0   0  0  0  0  0  2/2     7:06   0:00   0:00 
Sami Lepisto             0  2  2   2  0   6  1  1  1  1  0/0    28:58   3:40   6:07 
Thomas Hickey            0  0  0   1  0   0  1  0  0  0  0/0    11:03   0:06   0:35 

Players Stats for Demolitions

Player Name              G  A  P  +/- PIM S  H  SB GA TA FO     MP     PP MP  PK MP  
------------------------------------------------------------------------------------
Adam Burish              0  0  0  -2  0   6  4  0  2  1  6/9    21:37   5:10   3:12 
Andy Rogers              0  0  0   0  0   0  1  1  0  0  0/0    21:25   5:06   2:39 
Anthony Stewart          0  0  0   0  0   1  2  0  0  0  0/0     8:37   1:13   0:00 
Anton Babchuk            0  0  0   0  0   0  0  1  0  0  0/0    21:13   5:06   2:21 
Brad Richardson          2  0  2   1  0   4  4  0  0  1  12/27  21:57   5:31   1:35 
Brandon Bochenski        0  0  0   0  0   0  0  0  0  0  0/0     1:06   0:38   0:00 
Dennis Seidenberg        0  0  0  -2  0   2  2  2  1  2  0/0    28:14   5:50   3:36 
James Sheppard           0  0  0   0  0   0  0  0  0  0  2/2     5:54   0:00   0:00 
Janne Niskala            0  0  0  -2  2   1  3  4  0  0  0/0    27:21   5:50   2:20 
Jeremy Williams          0  0  0  -1  0   2  2  0  0  0  0/0     9:44   0:00   1:35 
Marco Sturm              0  2  2   1  0   2  2  0  1  1  0/2    21:19   5:31   1:10 
Masi Marjamaki           0  0  0  -1  0   0  0  0  0  0  0/0     9:58   0:03   1:10 
Nicolas Blanchard        0  0  0  -1  2   0  2  0  0  0  2/3    10:24   0:52   0:00 
Nikolai Zherdev          0  2  2   0  0   6  1  0  1  1  0/3    23:41   4:44   3:12 
Petr Vrana               0  0  0  -1  2   0  1  1  0  0  1/1    15:47   4:33   0:00 
Robert Klinkhammer       0  0  0   0  0   0  1  0  0  0  0/0     5:54   0:00   0:00 
Ryan Craig               0  0  0  -1  2   0  2  0  1  1  4/12   16:03   4:33   0:00 
Taylor Chorney           0  0  0   0  0   0  1  0  0  1  0/0    10:42   0:00   0:03 
Vladimir Mihalik         0  0  0   0  0   1  3  0  0  0  0/0    11:04   0:00   0:55 

3 Stars

1 - Craig Weller (Buc)
2 - Brad Richardson (Vic)
3 - Sami Lepisto (Buc)

Power Play

High Goats - 0 on 3 Attempt(s) - 0,00%
Demolitions - 0 on 4 Attempt(s) - 0,00%

Penalty Kill

High Goats - 4 on 4 Attempt(s) - 100,00% - Score 0 goal in Penalty Kill
Demolitions - 3 on 3 Attempt(s) - 100,00% - Score 0 goal in Penalty Kill

Official

Referees : Devorski Paul and O'Halloran Dan
Linesman : Mark Wheler and Brian Murphy

Game Notes

Nick Bonino ejected from game at 2:38 of 1st period

High Goats

5 vs 5 Forward 
   Center                   Left Wing                Right Wing               Time % Phy DF OF 
 1 Joël Perrault            Mason Raymond            Chris Stewart            40     1   2  2  
 2 Nick Bonino              Brad Larsen              Craig Weller             30     1   2  2  
 3 Petteri Wirtanen         Jason Ryznar             Brendon Segal            20     1   2  2  
 4 Dana Tyrell              Jiri Tlusty              Brandon Bollig           10     1   2  2  

5 vs 5 Defense 
   Defense                  Defense                                           Time % Phy DF OF 
 1 Lukas Krajicek           Sami Lepisto                                      40     1   2  2  
 2 Anton Stralman           Matt Taormina                                     30     1   2  2  
 3 Arturs Kulda             Thomas Hickey                                     20     1   2  2  
 4 Lukas Krajicek           Sami Lepisto                                      10     1   2  2  

PowerPlay Forward 
   Center                   Left Wing                Right Wing               Time % Phy DF OF 
 1 Joël Perrault            Brad Larsen              Chris Stewart            60     1   2  2  
 2 Nick Bonino              Mason Raymond            Craig Weller             40     1   2  2  

PowerPlay Defense
   Defense                  Defense                                           Time % Phy DF OF 
 1 Lukas Krajicek           Sami Lepisto                                      60     1   2  2  
 2 Anton Stralman           Matt Taormina                                     40     1   2  2  

Penalty Kill 4 Players Forward 
   Center                   Wing                     Time % Phy DF OF 
 1 Chris Stewart            Craig Weller             60     1   2  2  
 2 Brad Larsen              Mason Raymond            40     1   2  2  

Penalty Kill 4 Players Defense
   Defense                  Defense                  Time % Phy DF OF 
 1 Lukas Krajicek           Sami Lepisto             60     1   2  2  
 2 Anton Stralman           Matt Taormina            40     1   2  2  

Penalty Kill - 3 Players Forward 
   Forward                                           Time % Phy DF OF 
 1 Chris Stewart                                     60     1   2  2  
 2 Craig Weller                                      40     1   2  2  

Penalty Kill - 3 Players Defense
   Defense                  Defense                  Time % Phy DF OF 
 1 Lukas Krajicek           Sami Lepisto             60     1   2  2  
 2 Anton Stralman           Matt Taormina            40     1   2  2  

4 vs 4 Forward 
   Center                   Wing                     Time % Phy DF OF 
 1 Chris Stewart            Craig Weller             60     1   2  2  
 2 Brad Larsen              Mason Raymond            40     1   2  2  

4 vs 4 Defense
   Defense                  Defense                  Time % Phy DF OF 
 1 Lukas Krajicek           Sami Lepisto             60     1   2  2  
 2 Anton Stralman           Matt Taormina            40     1   2  2  

Last Minutes Offensive
   Center                   Left Wing                Right Wing               Defense                  Defense                  
   Joël Perrault            Brad Larsen              Chris Stewart            Lukas Krajicek           Sami Lepisto             

Last Minutes Defensive
   Center                   Left Wing                Right Wing               Defense                  Defense                  
   Joël Perrault            Brad Larsen              Chris Stewart            Lukas Krajicek           Sami Lepisto             

Goaltenders
Starting : Al Montoya               
Backup : Jonathan Bernier         

Extra Forwards
Normal : Jason Ryznar, Brendon Segal, Brandon Bollig - PP : Jason Ryznar, Brendon Segal - PK : Brandon Bollig
Extra Defensemen
Normal : Arturs Kulda, Thomas Hickey, Anton Stralman - PP : Arturs Kulda - PK : Thomas Hickey, Anton Stralman
Penalty Shots
Chris Stewart, Craig Weller, Brad Larsen, Mason Raymond, Joël Perrault

Demolitions

5 vs 5 Forward 
   Center                   Left Wing                Right Wing               Time % Phy DF OF 
 1 Brad Richardson          Marco Sturm              Nikolai Zherdev          40     1   2  2  
 2 Ryan Craig               Petr Vrana               Adam Burish              30     1   2  2  
 3 Nicolas Blanchard        Masi Marjamaki           Jeremy Williams          20     1   2  2  
 4 James Sheppard           Robert Klinkhammer       Anthony Stewart          10     1   2  2  

5 vs 5 Defense 
   Defense                  Defense                                           Time % Phy DF OF 
 1 Janne Niskala            Dennis Seidenberg                                 40     1   2  2  
 2 Andy Rogers              Anton Babchuk                                     30     1   2  2  
 3 Taylor Chorney           Vladimir Mihalik                                  20     1   2  2  
 4 Janne Niskala            Dennis Seidenberg                                 10     1   2  2  

PowerPlay Forward 
   Center                   Left Wing                Right Wing               Time % Phy DF OF 
 1 Brad Richardson          Marco Sturm              Adam Burish              60     1   2  2  
 2 Ryan Craig               Petr Vrana               Nikolai Zherdev          40     1   2  2  

PowerPlay Defense
   Defense                  Defense                                           Time % Phy DF OF 
 1 Janne Niskala            Dennis Seidenberg                                 60     1   2  2  
 2 Andy Rogers              Anton Babchuk                                     40     1   2  2  

Penalty Kill 4 Players Forward 
   Center                   Wing                     Time % Phy DF OF 
 1 Adam Burish              Nikolai Zherdev          60     1   2  2  
 2 Jeremy Williams          Brad Richardson          40     1   2  2  

Penalty Kill 4 Players Defense
   Defense                  Defense                  Time % Phy DF OF 
 1 Janne Niskala            Dennis Seidenberg        60     1   2  2  
 2 Andy Rogers              Anton Babchuk            40     1   2  2  

Penalty Kill - 3 Players Forward 
   Forward                                           Time % Phy DF OF 
 1 Adam Burish                                       60     1   2  2  
 2 Nikolai Zherdev                                   40     1   2  2  

Penalty Kill - 3 Players Defense
   Defense                  Defense                  Time % Phy DF OF 
 1 Janne Niskala            Dennis Seidenberg        60     1   2  2  
 2 Andy Rogers              Anton Babchuk            40     1   2  2  

4 vs 4 Forward 
   Center                   Wing                     Time % Phy DF OF 
 1 Adam Burish              Nikolai Zherdev          60     1   2  2  
 2 Jeremy Williams          Brad Richardson          40     1   2  2  

4 vs 4 Defense
   Defense                  Defense                  Time % Phy DF OF 
 1 Janne Niskala            Dennis Seidenberg        60     1   2  2  
 2 Andy Rogers              Anton Babchuk            40     1   2  2  

Last Minutes Offensive
   Center                   Left Wing                Right Wing               Defense                  Defense                  
   Brad Richardson          Marco Sturm              Adam Burish              Janne Niskala            Dennis Seidenberg        

Last Minutes Defensive
   Center                   Left Wing                Right Wing               Defense                  Defense                  
   Brad Richardson          Marco Sturm              Adam Burish              Janne Niskala            Dennis Seidenberg        

Goaltenders
Starting : Antero Niittymaki        
Backup : Sergei Bobrovsky         

Extra Forwards
Normal : Anthony Stewart, Nicolas Blanchard, Masi Marjamaki - PP : Anthony Stewart, Nicolas Blanchard - PK : Masi Marjamaki
Extra Defensemen
Normal : Taylor Chorney, Vladimir Mihalik, Andy Rogers - PP : Taylor Chorney - PK : Vladimir Mihalik, Andy Rogers
Penalty Shots
Adam Burish, Nikolai Zherdev, Jeremy Williams, Brad Richardson, Anthony Stewart

% Time on Ice - High Goats

Lines # - Real PCT - Wanted PCT - Time Play
Normal Forward
1 - 35% - 40% - 14:30
2 - 30% - 30% - 12:18
3 - 17% - 20% - 7:06
4 - 18% - 10% - 7:14
Normal Defense
1 - 42% - 40% - 17:08
2 - 32% - 30% - 13:22
3 - 25% - 20% - 10:13
4 - 1% - 10% - 0:25
PP Forward
1 - 52% - 60% - 3:07
2 - 48% - 40% - 2:50
PP Defense
1 - 62% - 60% - 3:40
2 - 38% - 40% - 2:17
PK Forward
1 - 70% - 60% - 7:42
2 - 30% - 40% - 3:14
PK Defense
1 - 56% - 60% - 6:07
2 - 44% - 40% - 4:49
PK3 Forward
1 - 0% - 60%
2 - 0% - 40%
PK3 Defense
1 - 0% - 60%
2 - 0% - 40%
44 Forward
1 - 83% - 60% - 1:39
2 - 17% - 40% - 0:20
44 Defense
1 - 82% - 60% - 1:38
2 - 18% - 40% - 0:21
Last Minute Offensive  - 0:00
Last Minute Defensive  - 0:00
Total
Forward - 60:00
Defense - 60:00

% Time on Ice - Demolitions

Lines # - Real PCT - Wanted PCT - Time Play
Normal Forward
1 - 39% - 40% - 16:12
2 - 27% - 30% - 11:11
3 - 19% - 20% - 7:51
4 - 14% - 10% - 5:54
Normal Defense
1 - 40% - 40% - 16:36
2 - 33% - 30% - 13:28
3 - 25% - 20% - 10:09
4 - 2% - 10% - 0:55
PP Forward
1 - 57% - 60% - 6:12
2 - 43% - 40% - 4:44
PP Defense
1 - 53% - 60% - 5:50
2 - 47% - 40% - 5:06
PK Forward
1 - 73% - 60% - 4:22
2 - 27% - 40% - 1:35
PK Defense
1 - 61% - 60% - 3:39
2 - 39% - 40% - 2:18
PK3 Forward
1 - 0% - 60%
2 - 0% - 40%
PK3 Defense
1 - 0% - 60%
2 - 0% - 40%
44 Forward
1 - 85% - 60% - 1:41
2 - 15% - 40% - 0:18
44 Defense
1 - 90% - 60% - 1:47
2 - 10% - 40% - 0:12
Last Minute Offensive  - 0:00
Last Minute Defensive  - 0:00
Total
Forward - 60:00
Defense - 60:00

Play by Play

1st period


0:01 of 1st period - Brad Richardson wins face-off versus Joël Perrault in neutral zone.
0:04 of 1st period - Wrist shot by Nikolai Zherdev.
0:04 of 1st period - Shot Misses the Net.
0:26 of 1st period - Janne Niskala is hit by Nick Bonino and loses puck.
0:45 of 1st period - Snap shot by Anthony Stewart.
0:45 of 1st period - Shot Misses the Net.
0:47 of 1st period - Snap shot by Andy Rogers.
0:47 of 1st period - Shot Blocked by Lukas Krajicek.
0:49 of 1st period - Slapshot by Anton Babchuk.
0:49 of 1st period - Shot Blocked by Sami Lepisto.
0:51 of 1st period - Slapshot by Anton Babchuk.
0:51 of 1st period - Shot Misses the Net.
0:53 of 1st period - Snap shot by Robert Klinkhammer.
0:53 of 1st period - Shot Blocked by Craig Weller.
0:55 of 1st period - Slapshot by Taylor Chorney.
0:55 of 1st period - Shot Misses the Net.
0:57 of 1st period - Snap shot by Anthony Stewart.
0:57 of 1st period - Shot Misses the Net.
1:17 of 1st period - Jason Ryznar is hit by Taylor Chorney.
1:33 of 1st period - Wrist shot by Joël Perrault.
1:33 of 1st period - Shot Misses the Net.
1:35 of 1st period - Snap shot by Anton Stralman.
1:35 of 1st period - Stopped by Antero Niittymaki without a rebound.
1:36 of 1st period - Brad Richardson wins face-off versus Dana Tyrell in Demolitions zone.
1:43 of 1st period - Slapshot by Brad Richardson.
1:43 of 1st period - Shot Misses the Net.
1:51 of 1st period - Wrist shot by Brad Richardson.
1:51 of 1st period - Stopped by Al Montoya without a rebound.
1:52 of 1st period - Joël Perrault wins face-off versus Ryan Craig in High Goats zone.
2:19 of 1st period - Jason Ryznar is hit by Dennis Seidenberg and loses puck.
2:38 of 1st period - Major / Game Misconduct Penalty to Nick Bonino for Unsportsmanlike conduct.
2:38 of 1st period - Nick Bonino is ejected from game.
2:39 of 1st period - Chris Stewart wins face-off versus Brad Richardson in High Goats zone.
2:52 of 1st period - Snap shot by Adam Burish.
2:52 of 1st period - Deflect By Marco Sturm.
2:52 of 1st period - Stopped by Al Montoya without a rebound.
2:53 of 1st period - Brad Richardson wins face-off versus Chris Stewart in High Goats zone.
2:58 of 1st period - Wrist shot by Brad Richardson.
2:58 of 1st period - Stopped by Al Montoya without a rebound.
2:59 of 1st period - Brad Richardson wins face-off versus Chris Stewart in High Goats zone.
3:32 of 1st period - Backhand shot by Nikolai Zherdev.
3:32 of 1st period - Shot Misses the Net.
3:34 of 1st period - Slapshot by Janne Niskala.
3:34 of 1st period - Stopped by Al Montoya without a rebound.
3:35 of 1st period - Brad Richardson wins face-off versus Brad Larsen in High Goats zone.
4:02 of 1st period - Anton Babchuk is hit by Craig Weller and loses puck.
4:54 of 1st period - Icing by Janne Niskala.
4:55 of 1st period - Chris Stewart wins face-off versus Ryan Craig in Demolitions zone.
5:30 of 1st period - Icing by Adam Burish.
5:31 of 1st period - Brad Richardson wins face-off versus Chris Stewart in Demolitions zone.
5:42 of 1st period - Anton Babchuk is hit by Mason Raymond.
7:12 of 1st period - Chris Stewart is hit by Anthony Stewart and loses puck.
7:38 of 1st period - Penalty to Nick Bonino is over, Brendon Segal is send on ice.
7:42 of 1st period - Brad Richardson is hit by Brandon Bollig and loses puck.
8:16 of 1st period - Arturs Kulda is hit by Vladimir Mihalik.
8:22 of 1st period - Arturs Kulda is hit by Robert Klinkhammer and loses puck.
9:46 of 1st period - Ryan Craig is hit by Brandon Bollig.
9:47 of 1st period - Icing by Ryan Craig.
9:48 of 1st period - Dana Tyrell wins face-off versus Ryan Craig in Demolitions zone.
10:08 of 1st period - Wrist shot by Brad Richardson.
10:08 of 1st period - Shot Misses the Net.
10:10 of 1st period - Slapshot by Vladimir Mihalik.
10:10 of 1st period - Stopped by Al Montoya with a rebound.
10:12 of 1st period - Snap shot by Vladimir Mihalik.
10:12 of 1st period - Shot Blocked by Lukas Krajicek.
10:30 of 1st period - Off-side.
10:31 of 1st period - Ryan Craig wins face-off versus Joël Perrault in neutral zone.
10:36 of 1st period - Snap shot by Ryan Craig.
10:36 of 1st period - Shot Misses the Net.
10:59 of 1st period - Off-side.
11:00 of 1st period - Jason Ryznar wins face-off versus Brad Richardson in neutral zone.
11:25 of 1st period - Minor Penalty to Janne Niskala for Hooking.
11:26 of 1st period - Adam Burish wins face-off versus Joël Perrault in Demolitions zone.
11:37 of 1st period - Snap shot by Joël Perrault.
11:37 of 1st period - Stopped by Antero Niittymaki with a rebound.
13:25 of 1st period - Penalty to Janne Niskala is over, Janne Niskala is back on ice.
14:00 of 1st period - Jiri Tlusty is hit by Adam Burish and loses puck.
14:14 of 1st period - Icing by Nikolai Zherdev.
14:15 of 1st period - Petteri Wirtanen wins face-off versus Nikolai Zherdev in Demolitions zone.
14:22 of 1st period - Snap shot by Mason Raymond.
14:22 of 1st period - Stopped by Antero Niittymaki with a rebound.
14:24 of 1st period - Snap shot by Mason Raymond.
14:24 of 1st period - Shot Misses the Net.
14:26 of 1st period - Slapshot by Lukas Krajicek.
14:26 of 1st period - Shot Blocked by Anton Babchuk.
14:28 of 1st period - Slapshot by Sami Lepisto.
14:28 of 1st period - Stopped by Antero Niittymaki with a rebound.
14:58 of 1st period - Slapshot by Brad Larsen.
14:58 of 1st period - Shot Blocked by Petr Vrana.
15:00 of 1st period - Slapshot by Sami Lepisto.
15:00 of 1st period - Stopped by Antero Niittymaki with a rebound.
15:02 of 1st period - Slapshot by Sami Lepisto.
15:02 of 1st period - Shot Misses the Net.
15:04 of 1st period - Slapshot by Lukas Krajicek.
15:04 of 1st period - Stopped by Antero Niittymaki with a rebound.
15:06 of 1st period - Wrist shot by Dana Tyrell.
15:06 of 1st period - Deflect By Jiri Tlusty.
15:06 of 1st period - Goal by Jiri Tlusty - High Goats : 1 - Demolitions : 0.
15:07 of 1st period - Joël Perrault wins face-off versus Brad Richardson in neutral zone.
15:17 of 1st period - Slapshot by Joël Perrault.
15:17 of 1st period - Shot Blocked by Janne Niskala.
15:19 of 1st period - Wrist shot by Joël Perrault.
15:19 of 1st period - Shot Misses the Net.
15:33 of 1st period - Brad Larsen is hit by Adam Burish and loses puck.
16:34 of 1st period - Brendon Segal is hit by Brad Richardson.
16:50 of 1st period - Sami Lepisto is hit by Janne Niskala and loses puck.
17:07 of 1st period - Snap shot by Jeremy Williams.
17:07 of 1st period - Stopped by Al Montoya without a rebound.
17:08 of 1st period - Nicolas Blanchard wins face-off versus Joël Perrault in High Goats zone.
17:35 of 1st period - Marco Sturm is hit by Craig Weller.
17:55 of 1st period - Snap shot by Ryan Craig.
17:55 of 1st period - Shot Misses the Net.
18:24 of 1st period - Minor Penalty to Nicolas Blanchard for Roughing.
18:25 of 1st period - Joël Perrault wins face-off versus Adam Burish in Demolitions zone.
18:26 of 1st period - Slapshot by Sami Lepisto.
18:26 of 1st period - Shot Blocked by Dennis Seidenberg.
18:28 of 1st period - Snap shot by Joël Perrault.
18:28 of 1st period - Stopped by Antero Niittymaki with a rebound.
18:30 of 1st period - Wrist shot by Brad Larsen.
18:30 of 1st period - Shot Misses the Net.
18:32 of 1st period - Snap shot by Chris Stewart.
18:32 of 1st period - Stopped by Antero Niittymaki with a rebound.
18:36 of 1st period - Slapshot by Joël Perrault.
18:36 of 1st period - Shot Blocked by Janne Niskala.
18:38 of 1st period - Wrist shot by Brad Larsen.
18:38 of 1st period - Stopped by Antero Niittymaki with a rebound.

2nd period


0:01 of 2nd period - Adam Burish wins face-off versus Joël Perrault in neutral zone.
0:16 of 2nd period - Slapshot by Sami Lepisto.
0:16 of 2nd period - Deflect By Janne Niskala.
0:16 of 2nd period - Stopped by Antero Niittymaki with a rebound.
0:24 of 2nd period - Penalty to Nicolas Blanchard is over, Nicolas Blanchard is back on ice.
0:53 of 2nd period - Snap shot by Janne Niskala.
0:53 of 2nd period - Shot Misses the Net.
0:55 of 2nd period - Wrist shot by Anthony Stewart.
0:55 of 2nd period - Shot Misses the Net.
0:57 of 2nd period - Slapshot by Janne Niskala.
0:57 of 2nd period - Shot Misses the Net.
1:09 of 2nd period - Snap shot by Ryan Craig.
1:09 of 2nd period - Shot Blocked by Anton Stralman.
1:19 of 2nd period - Backhand shot by Matt Taormina.
1:19 of 2nd period - Stopped by Antero Niittymaki without a rebound.
1:20 of 2nd period - Joël Perrault wins face-off versus Nikolai Zherdev in Demolitions zone.
1:21 of 2nd period - Slapshot by Sami Lepisto.
1:21 of 2nd period - Deflect By Joël Perrault.
1:21 of 2nd period - Goal by Joël Perrault - High Goats : 2 - Demolitions : 0.
1:22 of 2nd period - Brad Richardson wins face-off versus Joël Perrault in neutral zone.
1:29 of 2nd period - Wrist shot by Brad Richardson.
1:29 of 2nd period - Goal by Brad Richardson - High Goats : 2 - Demolitions : 1.
1:30 of 2nd period - Joël Perrault wins face-off versus Brad Richardson in neutral zone.
1:39 of 2nd period - Wrist shot by Marco Sturm.
1:39 of 2nd period - Shot Misses the Net.
2:06 of 2nd period - Slapshot by Lukas Krajicek.
2:06 of 2nd period - Deflect By Jason Ryznar.
2:06 of 2nd period - Shot Misses the Net.
2:06 of 2nd period - Puck is out of play.
2:07 of 2nd period - Jason Ryznar wins face-off versus Ryan Craig in Demolitions zone.
2:41 of 2nd period - Snap shot by Mason Raymond.
2:41 of 2nd period - Stopped by Antero Niittymaki without a rebound.
2:42 of 2nd period - Ryan Craig wins face-off versus Joël Perrault in Demolitions zone.
2:51 of 2nd period - Backhand shot by Ryan Craig.
2:51 of 2nd period - Deflect By Adam Burish.
2:51 of 2nd period - Stopped by Al Montoya without a rebound.
2:52 of 2nd period - Joël Perrault wins face-off versus Ryan Craig in High Goats zone.
3:35 of 2nd period - Slapshot by Ryan Craig.
3:35 of 2nd period - Shot Blocked by Mason Raymond.
3:40 of 2nd period - Minor Penalty to Lukas Krajicek for Holding.
3:41 of 2nd period - Chris Stewart wins face-off versus Brad Richardson in High Goats zone.
4:22 of 2nd period - Brad Richardson is hit by Thomas Hickey and loses puck.
5:11 of 2nd period - Brad Larsen is hit by Ryan Craig and loses puck.
5:32 of 2nd period - Chris Stewart is hit by Nicolas Blanchard and loses puck.
5:40 of 2nd period - Penalty to Lukas Krajicek is over, Lukas Krajicek is back on ice.
5:58 of 2nd period - Andy Rogers is hit by Jiri Tlusty and loses puck.
6:25 of 2nd period - Petteri Wirtanen is hit by Brad Richardson and loses puck.
7:16 of 2nd period - Icing by Mason Raymond.
7:17 of 2nd period - James Sheppard wins face-off versus Joël Perrault in High Goats zone.
7:18 of 2nd period - Slapshot by Anthony Stewart.
7:18 of 2nd period - Stopped by Al Montoya without a rebound.
7:19 of 2nd period - James Sheppard wins face-off versus Joël Perrault in High Goats zone.
7:30 of 2nd period - Slapshot by Sami Lepisto.
7:30 of 2nd period - Stopped by Antero Niittymaki without a rebound.
7:31 of 2nd period - Joël Perrault wins face-off versus Marco Sturm in Demolitions zone.
7:32 of 2nd period - Snap shot by Chris Stewart.
7:32 of 2nd period - Stopped by Antero Niittymaki without a rebound.
7:33 of 2nd period - Joël Perrault wins face-off versus Brad Richardson in Demolitions zone.
7:38 of 2nd period - Wrist shot by Joël Perrault.
7:38 of 2nd period - Stopped by Antero Niittymaki without a rebound.
7:39 of 2nd period - Brad Richardson wins face-off versus Joël Perrault in Demolitions zone.
7:43 of 2nd period - Off-side.
7:44 of 2nd period - Joël Perrault wins face-off versus Brad Richardson in neutral zone.
7:47 of 2nd period - Snap shot by Chris Stewart.
7:47 of 2nd period - Stopped by Antero Niittymaki with a rebound.
7:49 of 2nd period - Slapshot by Lukas Krajicek.
7:49 of 2nd period - Shot Misses the Net.
7:51 of 2nd period - Snap shot by Mason Raymond.
7:51 of 2nd period - Shot Blocked by Dennis Seidenberg.
7:57 of 2nd period - Wrist shot by Chris Stewart.
7:57 of 2nd period - Shot Misses the Net.
7:59 of 2nd period - Slapshot by Sami Lepisto.
7:59 of 2nd period - Shot Misses the Net.
8:11 of 2nd period - Jason Ryznar is hit by Janne Niskala and loses puck.
8:31 of 2nd period - Off-side.
8:32 of 2nd period - Dana Tyrell wins face-off versus Nicolas Blanchard in neutral zone.
8:46 of 2nd period - Snap shot by Jiri Tlusty.
8:46 of 2nd period - Shot Misses the Net.
8:58 of 2nd period - Mason Raymond is hit by Marco Sturm and loses puck.
9:05 of 2nd period - Wrist shot by Nikolai Zherdev.
9:05 of 2nd period - Stopped by Al Montoya with a rebound.
9:07 of 2nd period - Snap shot by Nikolai Zherdev.
9:07 of 2nd period - Stopped by Al Montoya without a rebound.
9:08 of 2nd period - Ryan Craig wins face-off versus Jason Ryznar in High Goats zone.
9:20 of 2nd period - Slapshot by Lukas Krajicek.
9:20 of 2nd period - Stopped by Antero Niittymaki without a rebound.
9:21 of 2nd period - Joël Perrault wins face-off versus Brad Richardson in Demolitions zone.
9:22 of 2nd period - Snap shot by Chris Stewart.
9:22 of 2nd period - Shot Misses the Net.
9:28 of 2nd period - Snap shot by Joël Perrault.
9:28 of 2nd period - Shot Blocked by Janne Niskala.
9:30 of 2nd period - Slapshot by Joël Perrault.
9:30 of 2nd period - Stopped by Antero Niittymaki without a rebound.
9:31 of 2nd period - Mason Raymond wins face-off versus Brad Richardson in Demolitions zone.
9:32 of 2nd period - Snap shot by Chris Stewart.
9:32 of 2nd period - Stopped by Antero Niittymaki without a rebound.
9:33 of 2nd period - Joël Perrault wins face-off versus Brad Richardson in Demolitions zone.
10:02 of 2nd period - Wrist shot by Adam Burish.
10:02 of 2nd period - Stopped by Al Montoya without a rebound.
10:03 of 2nd period - Jason Ryznar wins face-off versus Brad Richardson in High Goats zone.
10:22 of 2nd period - Wrist shot by Craig Weller.
10:22 of 2nd period - Stopped by Antero Niittymaki without a rebound.
10:23 of 2nd period - Petr Vrana wins face-off versus Joël Perrault in Demolitions zone.
10:48 of 2nd period - Brad Richardson is hit by Craig Weller and loses puck.
10:53 of 2nd period - Wrist shot by Craig Weller.
10:53 of 2nd period - Stopped by Antero Niittymaki with a rebound.
10:55 of 2nd period - Snap shot by Brad Larsen.
10:55 of 2nd period - Stopped by Antero Niittymaki without a rebound.
10:56 of 2nd period - Brad Richardson wins face-off versus Jason Ryznar in Demolitions zone.
11:11 of 2nd period - Matt Taormina is hit by Nikolai Zherdev and loses puck.
11:25 of 2nd period - Off-side.
11:26 of 2nd period - Ryan Craig wins face-off versus Joël Perrault in neutral zone.
11:33 of 2nd period - Wrist shot by Adam Burish.
11:33 of 2nd period - Stopped by Al Montoya with a rebound.
11:35 of 2nd period - Slapshot by Dennis Seidenberg.
11:35 of 2nd period - Deflect By Ryan Craig.
11:35 of 2nd period - Shot Misses the Net.
11:35 of 2nd period - Puck is out of play.
11:36 of 2nd period - Brad Richardson wins face-off versus Mason Raymond in High Goats zone.
13:47 of 2nd period - Snap shot by Mason Raymond.
13:47 of 2nd period - Stopped by Antero Niittymaki without a rebound.
13:48 of 2nd period - Joël Perrault wins face-off versus Brad Richardson in Demolitions zone.
14:17 of 2nd period - Snap shot by Adam Burish.
14:17 of 2nd period - Shot Blocked by Jason Ryznar.
14:23 of 2nd period - Andy Rogers is hit by Brad Larsen and loses puck.
14:43 of 2nd period - Wrist shot by Jiri Tlusty.
14:43 of 2nd period - Stopped by Antero Niittymaki without a rebound.
14:44 of 2nd period - Joël Perrault wins face-off versus Brad Richardson in Demolitions zone.
15:34 of 2nd period - Wrist shot by Craig Weller.
15:34 of 2nd period - Goal by Craig Weller - High Goats : 3 - Demolitions : 1.
15:35 of 2nd period - Joël Perrault wins face-off versus Marco Sturm in neutral zone.
15:48 of 2nd period - Slapshot by Brad Richardson.
15:48 of 2nd period - Shot Misses the Net.
15:50 of 2nd period - Wrist shot by Nikolai Zherdev.
15:50 of 2nd period - Stopped by Al Montoya with a rebound.
16:23 of 2nd period - Snap shot by Sami Lepisto.
16:23 of 2nd period - Deflect By Dennis Seidenberg.
16:23 of 2nd period - Stopped by Antero Niittymaki with a rebound.
16:25 of 2nd period - Wrist shot by Craig Weller.
16:25 of 2nd period - Stopped by Antero Niittymaki with a rebound.
16:27 of 2nd period - Slapshot by Brad Larsen.
16:27 of 2nd period - Stopped by Antero Niittymaki without a rebound.
16:28 of 2nd period - Joël Perrault wins face-off versus Brad Richardson in Demolitions zone.
16:51 of 2nd period - Joël Perrault is hit by Brad Richardson and loses puck.
17:22 of 2nd period - Backhand shot by Nikolai Zherdev.
17:22 of 2nd period - Stopped by Al Montoya with a rebound.
17:24 of 2nd period - Snap shot by Anton Babchuk.
17:24 of 2nd period - Shot Misses the Net.
17:26 of 2nd period - Snap shot by Nikolai Zherdev.
17:26 of 2nd period - Stopped by Al Montoya without a rebound.
17:27 of 2nd period - Jason Ryznar wins face-off versus Ryan Craig in High Goats zone.
17:27 of 2nd period - Jason Ryznar is hit by Petr Vrana.
17:32 of 2nd period - Minor Penalty to Ryan Craig for Roughing.
17:32 of 2nd period - Minor Penalty to Lukas Krajicek for Elbowing.
17:33 of 2nd period - Chris Stewart wins face-off versus Adam Burish in High Goats zone.
17:42 of 2nd period - Wrist shot by Adam Burish.
17:42 of 2nd period - Shot Misses the Net.
17:44 of 2nd period - Slapshot by Dennis Seidenberg.
17:44 of 2nd period - Stopped by Al Montoya with a rebound.
17:46 of 2nd period - Snap shot by Dennis Seidenberg.
17:46 of 2nd period - Stopped by Al Montoya without a rebound.
17:47 of 2nd period - Adam Burish wins face-off versus Chris Stewart in High Goats zone.
17:50 of 2nd period - Wrist shot by Adam Burish.
17:50 of 2nd period - Stopped by Al Montoya with a rebound.
17:56 of 2nd period - Slapshot by Sami Lepisto.
17:56 of 2nd period - Stopped by Antero Niittymaki without a rebound.
17:57 of 2nd period - Adam Burish wins face-off versus Craig Weller in Demolitions zone.
17:57 of 2nd period - Adam Burish is hit by Arturs Kulda.
18:18 of 2nd period - Slapshot by Chris Stewart.
18:18 of 2nd period - Deflect By Craig Weller.
18:18 of 2nd period - Goal by Craig Weller - High Goats : 4 - Demolitions : 1.
18:19 of 2nd period - Adam Burish wins face-off versus Chris Stewart in neutral zone.
19:04 of 2nd period - Mason Raymond is hit by Jeremy Williams.
19:32 of 2nd period - Penalty to Ryan Craig is over, Ryan Craig is back on ice.
19:32 of 2nd period - Penalty to Lukas Krajicek is over, Lukas Krajicek is back on ice.
19:36 of 2nd period - Anton Babchuk is hit by Sami Lepisto and loses puck.
19:47 of 2nd period - Wrist shot by Lukas Krajicek.
19:47 of 2nd period - Shot Misses the Net.

3rd period


0:01 of 3rd period - Joël Perrault wins face-off versus Nikolai Zherdev in neutral zone.
0:14 of 3rd period - Snap shot by Chris Stewart.
0:14 of 3rd period - Shot Misses the Net.
0:16 of 3rd period - Slapshot by Mason Raymond.
0:16 of 3rd period - Stopped by Antero Niittymaki without a rebound.
0:17 of 3rd period - Jason Ryznar wins face-off versus Ryan Craig in Demolitions zone.
0:18 of 3rd period - Snap shot by Brad Larsen.
0:18 of 3rd period - Shot Blocked by Janne Niskala.
0:20 of 3rd period - Wrist shot by Brad Larsen.
0:20 of 3rd period - Stopped by Antero Niittymaki with a rebound.
0:22 of 3rd period - Snap shot by Craig Weller.
0:22 of 3rd period - Stopped by Antero Niittymaki with a rebound.
0:24 of 3rd period - Slapshot by Lukas Krajicek.
0:24 of 3rd period - Shot Misses the Net.
0:25 of 3rd period - Minor Penalty to Petr Vrana for Holding.
0:26 of 3rd period - Joël Perrault wins face-off versus Adam Burish in Demolitions zone.
2:25 of 3rd period - Penalty to Petr Vrana is over, Petr Vrana is back on ice.
3:00 of 3rd period - Brad Larsen is hit by Vladimir Mihalik and loses puck.
3:17 of 3rd period - Wrist shot by Brad Richardson.
3:17 of 3rd period - Shot Misses the Net.
3:19 of 3rd period - Wrist shot by Marco Sturm.
3:19 of 3rd period - Stopped by Al Montoya with a rebound.
3:33 of 3rd period - Chris Stewart is hit by Jeremy Williams and loses puck.
3:53 of 3rd period - Jiri Tlusty is hit by Anthony Stewart and loses puck.
4:12 of 3rd period - Arturs Kulda is hit by Adam Burish and loses puck.
4:52 of 3rd period - Masi Marjamaki is hit by Brandon Bollig and loses puck.
5:38 of 3rd period - Petr Vrana is hit by Mason Raymond and loses puck.
7:03 of 3rd period - Arturs Kulda is hit by Andy Rogers and loses puck.
7:12 of 3rd period - Anton Babchuk is hit by Joël Perrault.
7:31 of 3rd period - Brad Larsen is hit by Janne Niskala and loses puck.
7:54 of 3rd period - Brandon Bollig is hit by Marco Sturm.
8:06 of 3rd period - Wrist shot by Petr Vrana.
8:06 of 3rd period - Deflect By Adam Burish.
8:06 of 3rd period - Stopped by Al Montoya without a rebound.
8:07 of 3rd period - Petteri Wirtanen wins face-off versus Ryan Craig in High Goats zone.
8:26 of 3rd period - Snap shot by Jeremy Williams.
8:26 of 3rd period - Deflect By Joël Perrault.
8:26 of 3rd period - Shot Misses the Net.
8:26 of 3rd period - Puck is out of play.
8:27 of 3rd period - Nicolas Blanchard wins face-off versus Joël Perrault in High Goats zone.
8:28 of 3rd period - Snap shot by Jeremy Williams.
8:28 of 3rd period - Stopped by Al Montoya with a rebound.
8:34 of 3rd period - Nicolas Blanchard is hit by Mason Raymond and loses puck.
8:49 of 3rd period - Slapshot by Nikolai Zherdev.
8:49 of 3rd period - Shot Misses the Net.
9:13 of 3rd period - Brendon Segal is hit by Ryan Craig and loses puck.
9:18 of 3rd period - Snap shot by Adam Burish.
9:18 of 3rd period - Stopped by Al Montoya without a rebound.
9:19 of 3rd period - Brendon Segal wins face-off versus Brad Richardson in High Goats zone.
9:28 of 3rd period - Marco Sturm is hit by Anton Stralman and loses puck.
10:12 of 3rd period - Snap shot by Brad Richardson.
10:12 of 3rd period - Goal by Brad Richardson - High Goats : 4 - Demolitions : 2.
10:13 of 3rd period - Adam Burish wins face-off versus Joël Perrault in neutral zone.
10:13 of 3rd period - Minor Penalty to Joël Perrault for Holding Stick.
10:14 of 3rd period - Brad Richardson wins face-off versus Chris Stewart in High Goats zone.
10:49 of 3rd period - Wrist shot by Nikolai Zherdev.
10:49 of 3rd period - Stopped by Al Montoya with a rebound.
12:13 of 3rd period - Penalty to Joël Perrault is over, Joël Perrault is back on ice.
12:20 of 3rd period - Arturs Kulda is hit by Dennis Seidenberg and loses puck.
12:41 of 3rd period - Snap shot by Brendon Segal.
12:41 of 3rd period - Stopped by Antero Niittymaki with a rebound.
12:56 of 3rd period - James Sheppard is hit by Dana Tyrell.
13:22 of 3rd period - Dennis Seidenberg is hit by Anton Stralman.
13:50 of 3rd period - Dana Tyrell is hit by Adam Burish and loses puck.
15:10 of 3rd period - Joël Perrault is hit by Vladimir Mihalik and loses puck.
16:35 of 3rd period - Minor Penalty to Joël Perrault for Interference.
16:36 of 3rd period - Brad Richardson wins face-off versus Chris Stewart in High Goats zone.
16:51 of 3rd period - Craig Weller is hit by Brad Richardson and loses puck.
18:35 of 3rd period - Penalty to Joël Perrault is over, Joël Perrault is back on ice.
18:37 of 3rd period - Snap shot by Brad Larsen.
18:37 of 3rd period - Shot Blocked by Andy Rogers.
18:45 of 3rd period - Sami Lepisto is hit by Nicolas Blanchard.
18:57 of 3rd period - Slapshot by Lukas Krajicek.
18:57 of 3rd period - Stopped by Antero Niittymaki with a rebound.


Output by the SimonT Hockey Simulator (STHS) for François Prévost -- Original Page W3C XHTML 1.0 Valid
Hockey Simulator - Hockey Simulation - Hockey Manager